 Dungeon Crawl Stone Soup version 0.29-a0-356-g7bc237e783 (webtiles) character file.

Game seed: 17911220996699706492

8307 RubberRat the Grappler (level 11, -1/104 HPs)
             Began as a Troll Berserker on Apr 21, 2022.
             Was an Elder of Trog.
             Slain by a water moccasin (5 damage)
             ... on level 1 of the Lair of Beasts on Apr 25, 2022.
             The game lasted 00:57:58 (7544 turns).

RubberRat the Grappler (Troll Berserker)            Turns: 7544, Time: 00:58:02

Health: -1/104     AC:  7    Str: 37    XL:     11   Next: 8%
Magic:  8/8        EV: 15    Int:  3    God:    Trog [****..]
Gold:   367        SH:  5    Dex:  9    Spells: 10/10 levels left

rFire   . . .      SeeInvis .   I - +0 giant spiked club
rCold   . . .      Faith    .   (shield currently unavailable)
rNeg    . . .      Spirit   .   a - +0 animal skin
rPois   .          Reflect  +   B - +2 hat {Will+}
rElec   .          Harm     .   c - scarf {repulsion}
rCorr   .          Rampage  .   (gloves unavailable)
Will    +....                   (boots unavailable)
Stlth   +.........              C - amulet of reflection
HPRegen 1.07/turn               j - +6 ring of strength
MPRegen 0.11/turn               G - +4 ring of evasion

@: on berserk cooldown, slowed, repel missiles, very slow
A: large, unfitting armour, claws 3, regeneration 1, shaggy fur 2, tough skin 1,
hooves 1, low MP 1
a: Renounce Religion, Berserk, Trog's Hand, Brothers in Arms


You were on level 1 of the Lair of Beasts.
You worshipped Trog.
Trog was greatly pleased with you.
You visited 3 branches of the dungeon, and saw 10 of its levels.
You also visited: Ossuary.

You collected 535 gold pieces.
You spent 168 gold pieces at shops.

Inventory:

Hand Weapons
 b - a +0 vampiric dagger
 e - a +2 short sword of speed
 I - a +0 giant spiked club (weapon)
Missiles
 q - 2 boomerangs
 E - 4 silver boomerangs
Armour
 a - a +0 animal skin (worn)
 c - a scarf of repulsion (worn)
 B - a +2 hat of willpower (worn)
Jewellery
 d - a ring of positive energy
 f - a ring of flight
 j - a +6 ring of strength (left claw)
 l - an amulet of magic regeneration
 C - an amulet of reflection (around neck)
 G - a +4 ring of evasion (right claw)
Wands
 k - a wand of mindburst (37)
 m - a wand of polymorph (8)
 A - a wand of digging (2)
 F - a wand of flame (19) (quivered)
 H - a wand of acid (1)
Scrolls
 h - 3 scrolls of summoning
 o - 6 scrolls of teleportation
 r - 5 scrolls of magic mapping
 s - 2 scrolls of immolation
 t - a scroll of fog
 w - 4 scrolls of fear
 x - a scroll of blinking
 y - a scroll of enchant armour
 D - a scroll of holy word
Potions
 g - 4 potions of attraction
 i - a potion of heal wounds
 n - 6 potions of curing
 p - a potion of magic
 u - 3 potions of haste
 v - a potion of ambrosia
 z - 4 potions of mutation
 J - a potion of might


   Skills:
 + Level 5.6 Fighting
 - Level 2.3 Short Blades
 + Level 7.9 Dodging
 - Level 0.3 Stealth
 + Level 13.2 Unarmed Combat
 + Level 0.8 Evocations


You had 10 spell levels left.
You didn't know any spells.
Your spell library was empty.

Dungeon Overview and Level Annotations

Branches:
Dungeon (8/15)             Temple (1/1) D:5            Lair (1/6) D:8
Ossuary (visited)

Altars:
Ashenzari
Cheibriados
Dithmenos
Elyvilon
Fedhas
Gozag
Hepliaklqana
Makhleb
Nemelex Xobeh
Okawaru
Qazlal
Ru
Sif Muna
Trog
Uskayaw
Vehumet
Wu Jian
Xom
Yredelemnul
Zin
The Shining One

Shops:
D:2 =*(*   D:8 *


Innate Abilities, Weirdness & Mutations

You are too large for most types of armour.
You have claws for hands.
Your natural rate of healing is unusually fast.
You are covered in thick fur. (AC +2)
You have tough skin. (AC +1)
You have large cloven feet.
Your magical capacity is low. (-10% MP)


Message History

The four-headed hydra barely misses you.
The four-headed hydra bites you!
* * * LOW HITPOINT WARNING * * *
The four-headed hydra bites you!
* * * LOW HITPOINT WARNING * * *
The wolf misses you. The wolf bites you.
* * * LOW HITPOINT WARNING * * *
Your ogre misses the wolf. You block the water moccasin's attack.
You barely miss the four-headed hydra.
The four-headed hydra is lightly wounded.
You block the wolf's attack. The wolf bites you.
* * * LOW HITPOINT WARNING * * *
The bullfrog closely misses you. The water moccasin bites you.
* * * LOW HITPOINT WARNING * * *
The four-headed hydra bites you!
* * * LOW HITPOINT WARNING * * *
The four-headed hydra bites you but does no damage.
The four-headed hydra bites you.
* * * LOW HITPOINT WARNING * * *
The four-headed hydra bites you!
* * * LOW HITPOINT WARNING * * *
Your ogre barely misses the wolf.
The wolf closely misses you. You block the wolf's attack.
The wolf completely misses you. The wolf misses you.
The water moccasin barely misses you. You block the bullfrog's attack.
The wolf attacks as you move away! The wolf barely misses you.
The bullfrog completely misses you.
You feel a strong urge to attack something.
The wolf barely misses your ogre.
Your ogre closely misses the wolf.
The bullfrog hits the fungus!
The fungus begins to die.
The bullfrog swells and bulges.
The bullfrog hits the fungus!
You feel your anger nearly subside.
You are no longer berserk.
You are exhausted.
You feel yourself slow down.
Your ogre hits the bullfrog with a +0 giant club!!!
The bullfrog dies!
Trog accepts your kill. The water moccasin bites you.
You die...

...............#
..........#....#.
....$............#
..................
.................
........O......#
.......†.h#....##
######hFDh......#
###.#...P@......#
#......hS.......#
.#####
................#
.P....
#................
...P..
##.....#.......##
.P....
#......#........#
......
..##......###...#.#
P....>
...#.....#.#......#.
......
.....⌠..#####.......
.....8


You could see a four-headed hydra, a water moccasin, 4 wolves, a bullfrog and a
friendly ogre (summoned, berserk).

Vanquished Creatures
  Pikel (D:7)
  4 cane toads (Lair:1)
  A rime drake (Lair:1)
  2 burning bushes (Lair:1)
  A wind drake (shapeshifter) (D:8)
  Prince Ribbit (D:8)
  11 yaks
  A wyvern (D:8)
  2 basilisks (D:8)
  Duvessa (D:7)
  2 water moccasins (Lair:1)
  A black bear (D:7)
  An ogre (D:5)
  3 wolves (Lair:1)
  3 phantoms
  2 lemures (D:7)
  3 kobold brigands
  4 bullfrogs
  3 scorpions
  4 wights (D:7)
  Dowan (D:7)
  4 howler monkeys (D:7)
  A hound (D:5)
  A centaur zombie (Ossuary)
  2 jellies
  A human zombie (Ossuary)
  An orc priest (D:5)
  Jessica (D:3)
  A gnoll shaman (D:5)
  2 iguanas (D:6)
  8 orc wizards
  5 mummies
  7 gnolls
  7 adders
  2 shadow imps
  An ufetubus (D:6)
  A worm (D:2)
  7 dart slugs
  22 orcs
  5 ball pythons
  4 endoplasms
  A giant cockroach (D:1)
  6 goblins
  11 hobgoblins
  15 kobolds
  3 quokkas
  7 bats
  2 frilled lizards
  A gnoll zombie (Ossuary)
  A goblin zombie (D:5)
  4 hobgoblin zombies
  2 kobold zombies (Ossuary)
  3 rats
191 creatures vanquished.

Vanquished Creatures (collateral kills)
  A hydra (Lair:1)
  3 wolves (Lair:1)
  A bullfrog (Lair:1)
5 creatures vanquished.

Vanquished Creatures (others)
  4 fungi (D:8)
  A plant (Lair:1)
5 creatures vanquished.

Grand Total: 201 creatures vanquished

Notes
Turn   | Place    | Note
-------+----------+-------------------------------------------
     0 | D:1      | RubberRat the Troll Berserker began the quest for the Orb.
     0 | D:1      | Reached XP level 1. HP: 22/22 MP: 0/0
    52 | D:1      | Reached XP level 2. HP: 29/29 MP: 1/1
   225 | D:1      | Gained mutation: Your magical capacity is low. (-10% MP)
                  | [potion of mutation]
   225 | D:1      | Gained mutation: Your body sometimes deteriorates upon
                  | taking damage. [potion of mutation]
   225 | D:1      | Gained mutation: You are weak. (Str -2) [potion of
                  | mutation]
   225 | D:1      | Gained mutation: Your mind is acute. (Int +2) [potion of
                  | mutation]
   480 | D:1      | Reached XP level 3. HP: 12/37 MP: 1/1
   860 | D:1      | Reached ** piety under Trog
  1098 | D:2      | Found Vefimaw's Assorted Antiques.
  1162 | D:2      | Found Dueps's Jewellery Shop.
  1331 | D:2      | Identified the +4 spear of Sisec {freeze, rF+++ Int-3 SInv
                  | Stlth+}
  1473 | D:2      | Found Diosev Wub's Weapon Boutique.
  1488 | D:2      | Reached skill level 1 in Short Blades
  1545 | D:2      | Found a faded altar of an unknown god.
  1580 | D:2      | Bought a scroll labelled TUNAGEDOICS for 24 gold pieces
  1580 | D:2      | Bought a scroll labelled BESSICSI NIMI for 24 gold pieces
  1580 | D:2      | Bought a scroll labelled UNWURCHACHA for 24 gold pieces
  1875 | D:2      | Reached XP level 4. HP: 45/45 MP: 2/2
  1904 | D:2      | Found Koridd's Assorted Antiques.
  2539 | D:3      | Found an iron altar of Okawaru.
  2566 | D:3      | Found an ornate altar of the Wu Jian Council.
  2566 | D:3      | Noticed Jessica
  2577 | D:3      | Killed Jessica
  3279 | D:4      | Noticed a kobold brigand
  3281 | D:4      | Reached XP level 5. HP: 45/45 MP: 3/3
  3291 | D:4      | Reached skill level 4 in Unarmed Combat
  3459 | D:4      | Noticed a phantom
  3466 | D:4      | Killed a phantom
  3467 | D:4      | Reached XP level 6. HP: 51/61 MP: 4/4
  4053 | D:4      | Lost mutation: You are weak. (Str -2) [potion of mutation]
  4053 | D:4      | Lost mutation: Your body sometimes deteriorates upon taking
                  | damage. [potion of mutation]
  4053 | D:4      | Lost mutation: Your mind is acute. (Int +2) [potion of
                  | mutation]
  4053 | D:4      | Gained mutation: You are covered in thick fur. (AC +2)
                  | [potion of mutation]
  4053 | D:4      | Gained mutation: You have large cloven feet. [potion of
                  | mutation]
  4154 | D:5      | Entered Level 5 of the Dungeon
  4240 | D:5      | Found a sand-covered staircase.
  4249 | Ossuary  | Entered an ossuary
  4322 | Ossuary  | Reached *** piety under Trog
  4404 | Ossuary  | Reached skill level 5 in Unarmed Combat
  4416 | Ossuary  | Reached XP level 7. HP: 66/68 MP: 5/5
  4588 | D:5      | Found a burning altar of Makhleb.
  4647 | D:5      | Found a staircase to the Ecumenical Temple.
  4652 | Temple   | Entered the Ecumenical Temple
  5036 | D:5      | Reached skill level 6 in Unarmed Combat
  5571 | D:6      | Reached skill level 7 in Unarmed Combat
  5571 | D:6      | Reached XP level 8. HP: 78/78 MP: 6/6
  6104 | D:7      | Found an opulent altar of Gozag.
  6109 | D:7      | Noticed Duvessa
  6109 | D:7      | Noticed Dowan
  6118 | D:7      | Noticed Pikel
  6124 | D:7      | Killed Duvessa
  6125 | D:7      | Reached skill level 8 in Unarmed Combat
  6125 | D:7      | Killed Dowan
  6133 | D:7      | Killed Pikel
  6134 | D:7      | Reached skill level 5 in Dodging
  6134 | D:7      | Reached skill level 9 in Unarmed Combat
  6134 | D:7      | Reached XP level 9. HP: 76/85 MP: 7/7
  6487 | D:7      | Reached skill level 10 in Unarmed Combat
  6746 | D:8      | Reached **** piety under Trog
  6752 | D:8      | Reached skill level 11 in Unarmed Combat
  6812 | D:8      | Found a sacrificial altar of Ru.
  6812 | D:8      | Noticed Prince Ribbit
  6819 | D:8      | Upgraded the game from 0.29-a0-344-ge2f44be95a to
                  | 0.29-a0-356-g7bc237e783
  6827 | D:8      | Killed Prince Ribbit
  6828 | D:8      | Reached skill level 5 in Fighting
  6828 | D:8      | Reached XP level 10. HP: 76/96 MP: 8/8
  6898 | D:8      | Found Bucsek Cife's Changing Room.
  6907 | D:8      | Bought a wand of polymorph (6) for 96 gold pieces
  7082 | D:8      | Found a staircase to the Lair.
  7093 | D:8      | Noticed a death drake
  7093 | D:8      | a jumping spider changed into a death drake
  7199 | D:8      | Noticed a sea snake
  7201 | D:8      | a sea snake changed into a wind drake
  7240 | Lair:1   | Entered Level 1 of the Lair of Beasts
  7240 | Lair:1   | Noticed a cane toad
  7240 | Lair:1   | Noticed a seven-headed hydra
  7240 | Lair:1   | Noticed a cane toad
  7247 | Lair:1   | Reached skill level 12 in Unarmed Combat
  7249 | Lair:1   | Killed a cane toad
  7255 | Lair:1   | Killed a cane toad
  7258 | Lair:1   | Killed a nine-headed hydra
  7352 | Lair:1   | Reached skill level 13 in Unarmed Combat
  7366 | Lair:1   | Noticed a cane toad
  7374 | Lair:1   | Killed a cane toad
  7375 | Lair:1   | Reached XP level 11. HP: 86/104 MP: 8/8
  7532 | Lair:1   | Noticed a four-headed hydra
  7540 | Lair:1   | HP: 3/156 [four-headed hydra (9)]
  7544 | Lair:1   | Slain by a water moccasin

Illustrated notes

Levels and vault maps discovered:
D:1:      lemuel_arrival_room, layout_basic, minmay_tripent
D:2:      layout_basic, hellmonk_ecumenical_altar_arch_garden, serial_shops,
          nicolae_shop_trees, shop_fountains, shop, nicolae_shop_hallway_plus
D:3:      layout_loops_ring, mainiacjoe_overflow_swirl, palyth_stone_intersect,
          minivault_23, uniq_jessica
D:4:      layout_loops_corners
D:5:      layout_basic, mainiacjoe_overflow_cross_hatched, temple_doors_e,
          nicolae_ossuary_entry_giza, nrook_mini_backslash,
          kennysheep_generic_room_13
D:6:      layout_loops_ring
D:7:      layout_basic, lemuel_crystal_altar, uniq_duvessa, uniq_pikel
D:8:      layout_cave_pools, nicolae_ru_awakened_eye, david_lair_generic,
          nicolae_transmutations_shop, uniq_prince_ribbit1
Temple:   regret_index_temple_sphere_string
Lair:1:   layout_gridlike, evilmike_ambush [evilmike_ambush_outer_basic,
          evilmike_ambush_inner_basic], grunt_megastairs_3

Skill      XL: |  1  2  3  4  5  6  7  8  9 10 |
---------------+-------------------------------+-----
Fighting       | 3 4 5 |  5.6
Short Blades   | 1 2 |  2.3
Dodging        | 3 4 5 6 7 |  7.9
Unarmed Combat | 4 5 7 9 11 13 | 13.2
Stealth        | |  0.3
Evocations     | |  0.8

Action                   |  1- 3 |  4- 6 |  7- 9 | 10-12 || total
-------------------------+-------+-------+-------+-------++-------
Melee: Dagger            |   160 |       |       |       ||   160
       Unarmed           |    35 |   103 |   186 |   111 ||   435
       Punch             |     4 |     3 |     7 |     5 ||    19
       Short sword       |       |    46 |       |       ||    46
       Kick              |       |     6 |    34 |    24 ||    64
       Giant spiked club |       |       |       |     3 ||     3
Invok: Berserk           |     2 |     3 |     2 |     2 ||     9
       Trog's Hand       |       |     1 |     1 |       ||     2
       Brothers in Arms  |       |       |       |     2 ||     2
Evoke: Wand              |       |       |     1 |     6 ||     7
  Use: Scroll            |     7 |     7 |     2 |     2 ||    18
       Potion            |     5 |     5 |     1 |     1 ||    12
 Stab: Sleeping          |       |       |     1 |       ||     1
Armor: Animal skin       |    95 |    30 |    35 |    24 ||   184
       Skin              |       |       |       |     6 ||     6
Dodge: Dodged            |   146 |    51 |    80 |   101 ||   378
       Repelled          |     8 |       |       |     3 ||    11
Block: Other             |       |       |    31 |    35 ||    66
       Reflection        |       |       |     1 |       ||     1

Table legend: (Time is in decaauts)
 A = Elapsed time spent in this place.
 B = Non-inter-level travel time spent in this place.
 C = Inter-level travel time spent in this place.
 D = Time resting spent in this place.
 E = Time spent auto-exploring this place.
 F = Levels seen in this place.
 G = Mean time per level.
                   A        B        C        D        E       F      G
               +--------+--------+--------+--------+--------+-----+--------+
         Total |   7527 |   7191 |    336 |   1061 |   4272 |  11 |  684.3 |
       Dungeon |   6896 |   6578 |    318 |   1044 |   3961 |   8 |  862.0 |
        Temple |    165 |    147 |     18 |      0 |    132 |   1 |  165.0 |
          Lair |    218 |    218 |      0 |      8 |    112 |   1 |  218.0 |
       Ossuary |    246 |    246 |      0 |      9 |     67 |   1 |  246.0 |
               +--------+--------+--------+--------+--------+-----+--------+

Top non-repeatable levels by time:
     D:4: 1401 daAuts
     D:1: 1242 daAuts
     D:5: 910 daAuts
     D:3: 768 daAuts
     D:2: 755 daAuts
     D:7: 644 daAuts
     D:8: 642 daAuts
     D:6: 531 daAuts
 Ossuary: 246 daAuts
  Lair:1: 218 daAuts
  Temple: 165 daAuts
